 Dungeon Crawl Stone Soup version 0.17-a0-1882-g750edc8 (webtiles) character file.

1621 shakdrar the Cleaver (level 8, -4/73 HPs)
             Began as a Hill Orc Abyssal Knight on Sept 22, 2015.
             Was a High Priest of Lugonu.
             Slain by an orc
             ... wielding a +0 flail
              (8 damage)
             ... on level 6 of the Dungeon.
             The game lasted 00:31:20 (8143 turns).

shakdrar the Cleaver (Hill Orc Abyssal Knight)      Turns: 8143, Time: 00:31:21

Health: -4/73      AC: -4    Str: 17    XL:     8   Next: 96%
Magic:  12/12      EV:  6    Int:  9    God:    Lugonu [*****.]
Gold:   208        SH:  4    Dex: 10    Spells: 0 memorised, 7 levels left

rFire  . . .     SeeInvis .     u - +0 flail (venom)
rCold  . . .     Clarity  .     n - +0 chain mail
rNeg   + . .     SustAt   .     t - +0 buckler
rPois  .         Gourm    .     m - +0 helmet
rElec  .         Spirit   .     (no cloak)
rCorr  .         Warding  .     (no gloves)
rMut   .         Stasis   .     (no boots)
MR     .....                    (no amulet)
Stlth  ..........               r - -3 ring of intelligence (curse)
                                k - ring of positive energy

@: corroded equipment, drained, not resistant to hostile enchantments, extremely
unstealthy
A: no striking features
a: Depart the Abyss, Bend Space, Banish, Corrupt, Enter the Abyss, Renounce
Religion


You were on level 6 of the Dungeon.
You worshipped Lugonu.
Lugonu was extremely pleased with you.
You were not hungry.

You visited 1 branch of the dungeon, and saw 6 of its levels.
You visited the Abyss 1 time.

You collected 373 gold pieces.
You spent 165 gold pieces at shops.

Inventory:

Hand weapons
 a - a +1 hand axe
 u - a +0 flail of venom (weapon)
Armour
 l - a +0 ring mail
 m - a +0 helmet (worn)
 n - a +0 chain mail (worn)
 t - a +0 buckler (worn)
Jewellery
 d - a +1 ring of protection
 e - an uncursed ring of fire
 k - a ring of positive energy (left hand)
 r - a cursed -3 ring of intelligence (right hand)
 v - an uncursed ring of see invisible
 y - an uncursed ring of magical power
Magical devices
 f - a wand of slowing (35)
 j - a wand of lightning (6)
 q - a wand of magic darts (25)
Scrolls
 g - a scroll of amnesia
 z - a scroll of remove curse
 A - a scroll of identify
Potions
 h - 3 potions of mutation
 i - a potion of ambrosia
 o - a potion of invisibility {unknown}
 p - a potion of brilliance {unknown}
 w - 2 potions of agility
 D - a potion of might {unknown}
Comestibles
 b - 3 slices of pizza
 c - 6 bread rations
 s - a beef jerky
 x - a meat ration
 B - 4 chunks of flesh
 C - 2 fruits


   Skills:
 + Level 7.2(7.0) Fighting
 * Level 9.6(9.4) Axes
 + Level 5.2(5.0) Armour
 - Level 0.7(0.5) Dodging
 + Level 2.1(1.9) Shields
 - Level 6.0(5.8) Invocations


You had 7 spell levels left.
You didn't know any spells.

Dungeon Overview and Level Annotations

Branches:
Dungeon (6/15)
 Temple: D:4-7

Altars:
Cheibriados
Kikubaaqudgha
Makhleb
Nemelex Xobeh
Okawaru

Shops:
D:5 =   D:6 =

Annotations:
Abyss:1 Grinder, Sigmund


Message History

The jelly hits you.
* * * LOW HITPOINT WARNING * * *
You are splashed with acid!
The acid corrodes you!
The acid burns!
* * * LOW HITPOINT WARNING * * *
The orc hits you with a flail.
* * * LOW HITPOINT WARNING * * *
Drink which item? (? for menu, Esc to quit)
Okay, then.
You kill the jelly!
Lugonu accepts your kill.
You closely miss the orc. The orc hits you with a flail.
* * * LOW HITPOINT WARNING * * *
You closely miss the orc. You block the orc's attack.
You closely miss the orc. The orc barely misses you.
Your chain mail prevents you from hitting the orc.
The orc hits you with a flail.
* * * LOW HITPOINT WARNING * * *
Your chain mail prevents you from hitting the orc.
The orc hits you with a flail!
You die...

#.## ##.# ## #.## #. ##.# #. #.##
#.
##############.#################.
.................................
###.....#.##....###..............
###.>......+....@o...............
........#.##....###..............
#....####.##....# #..............
#.........##....###..............
...........#.....................
#..........#.....................
#..........#.....................
#...########....................$
#...# #............# ##########


You could see an orc.

Vanquished Creatures
  3 giant frogs (D:6)
  A scorpion (D:4)
  2 hounds (D:6)
  A crimson imp (D:6)
  2 jellies
  4 orc priests
  Terence (D:2)
  3 hell rats (D:6)
  An iguana (D:4)
  2 orc wizards (D:5)
  6 worker ants
  A hound skeleton (D:4)
  Robin (D:2)
  6 gnolls
  8 adders
  5 river rats (D:6)
  3 oozes
  2 worms (D:3)
  7 giant geckos
  28 orcs
  7 giant cockroaches
  7 hobgoblins
  10 kobolds
  4 ball pythons
  9 bats
  6 giant newts
  12 goblins
  23 jackals
  A jackal skeleton (D:6)
  5 quokkas
  29 rats
200 creatures vanquished.

Vanquished Creatures (others)
  An ice beast (D:3)
  An ogre (D:5)
  A scorpion (D:4)
  A crimson imp (D:5)
  An orc priest (D:4)
  2 goblins (D:2)
7 creatures vanquished.

Grand Total: 207 creatures vanquished

Notes
Turn   | Place    | Note
--------------------------------------------------------------
     0 | Abyss:1  | shakdrar the Hill Orc Abyssal Knight began the quest for the Orb.
     0 | Abyss:1  | Reached XP level 1. HP: 19/19 MP: 2/2
    20 | D:1      | Escaped the Abyss
   208 | D:1      | Reached skill level 4 in Fighting
   224 | D:1      | Reached XP level 2. HP: 27/27 MP: 3/3
   280 | D:1      | Acquired Lugonu's second power
   581 | D:1      | Found a snail-covered altar of Cheibriados.
   801 | D:1      | Reached XP level 3. HP: 31/33 MP: 4/4
  1220 | D:2      | Found an iron altar of Okawaru.
  1239 | D:2      | Noticed Robin
  1395 | D:2      | HP: 1/33 [Robin/short sword (5)]
  1399 | D:2      | Killed Robin
  1656 | D:2      | Reached XP level 4. HP: 30/41 MP: 6/6
  1845 | D:2      | Acquired Lugonu's third power
  1874 | D:2      | Noticed Sigmund
  1876 | D:2      | Noticed Terence
  1886 | D:2      | Banished Sigmund
  1886 | D:2      | Reached XP level 5. HP: 40/47 MP: 7/7
  2103 | D:2      | Killed Terence
  2103 | D:2      | Reached skill level 5 in Axes
  2126 | D:2      | Found a faded altar to an unknown god.
  2135 | D:2      | Reached skill level 5 in Fighting
  2693 | D:3      | Reached XP level 6. HP: 49/56 MP: 8/8
  2936 | D:3      | Noticed an ice beast
  2952 | D:3      | Banished an ice beast
  3737 | D:4      | Acquired Lugonu's fourth power
  4013 | D:4      | Reached skill level 6 in Axes
  4150 | D:4      | Reached XP level 7. HP: 49/61 MP: 5/10
  4303 | D:4      | Reached skill level 5 in Invocations
  4538 | D:4      | Found a sparkling altar of Nemelex Xobeh.
  4860 | D:4      | Noticed Grinder
  4862 | D:4      | Banished Grinder
  4862 | D:4      | Reached skill level 7 in Axes
  5121 | D:4      | Found an ancient bone altar of Kikubaaqudgha.
  5365 | D:5      | Entered Level 5 of the Dungeon
  5535 | D:5      | Found a burning altar of Makhleb.
  5775 | D:4      | Reached XP level 8. HP: 47/70 MP: 12/12
  6058 | D:5      | Reached skill level 8 in Axes
  7068 | D:5      | Found Raomilid's Jewellery Shoppe.
  7079 | D:5      | Bought an uncursed ring of see invisible for 165 gold pieces
  7364 | D:6      | Reached skill level 5 in Armour
  7466 | D:6      | Found Ceolen's Jewellery Emporium.
  7528 | D:6      | Reached skill level 1 in Shields
  7615 | D:6      | Reached skill level 9 in Axes
  7781 | D:6      | Acquired Lugonu's fifth power
  8143 | D:6      | Slain by an orc

Vault maps used:
D:1:      lordsloth_arrival_two_stooges, corexii_corridor_pit,
          serial_park_tiny_pond, cheibriados_altar_1
D:2:      ecumenical_altar_2, first_bread, okawaru_ov_weapons_minmay,
          uniq_sigmund, uniq_terence, uniq_robin
D:3:      minmay_misc_feat_chi, minmay_stone_trees_small, kennysheep_doodads
D:4:      kiku_gazebo_pond_becter, nemelex_dance_club_becter, uniq_grinder
D:5:      serial_shops, shop, roderic_lattice_a, bloody_makhleb
D:6:      lemuel_ratsnest, lemuel_temple_firewalk, serial_shops,
          kennysheep_mini, kennysheep_generic_room_6
Abyss:1:  minivault_13

Action                   |  1- 3 |  4- 6 |  7- 9 || total
-------------------------+-------+-------+-------++-------
Melee: Hand axe          |   141 |   264 |   330 ||   735
       Flail             |       |       |   169 ||   169
Invok: Banish            |       |     4 |     7 ||    11
  Use: Scroll            |     2 |     6 |     3 ||    11
       Potion            |     1 |       |     4 ||     5
  Eat: Chunk             |     1 |     9 |    15 ||    25
       Beef jerky        |     1 |       |     1 ||     2
